 Dungeon Crawl Stone Soup version 0.30-a0-140-gd1020e658a (webtiles) character file.

Game seed: 5299564131120391326

431 themarg the Magician (level 7, -4/47 HPs)
             Began as a Djinni Fire Elementalist on Sept 25, 2022.
             Was an Initiate of Gozag.
             Slain by a phantom (5 damage)
             ... on level 5 of the Dungeon.
             The game lasted 00:10:30 (4348 turns).

themarg the Magician (Djinni Fire Elementalist)     Turns: 4348, Time: 00:10:30

Health: -4/47      AC:  4    Str:  7    XL:     7   Next: 19%
Gold:   517        EV: 12    Int: 19    God:    Gozag SH:  0 Dex: 13

rFire   + + .      SeeInvis .    u - +9 mace of Distraction {freeze, *Corrode rElec rPois rC++}
rCold   + . .      Faith    .    (no shield)
rNeg    . . .      Spirit   .    a - +0 robe
rPois   ∞          Reflect  .    (no helmet)
rElec   +          Harm     .    v - +0 cloak
rCorr   .          Rampage  .    m - +0 pair of gloves
Will    .....                    (boots unavailable)
Stlth   ++........               (no amulet)
HPRegen 0.15/turn                (no ring)
MPRegen 0.00/turn                (no ring)

@: about to teleport, flying, very slightly contaminated
A: sickness immunity, fire resistance 2, cold vulnerability 1, float, innate
caster, HP casting, extra vitality 1
a: Renounce Religion, Potion Petition, Call Merchant, Bribe Branch


You were on level 5 of the Dungeon.
You worshipped Gozag.
Gozag was pleased with you.
You visited 1 branch of the dungeon, and saw 5 of its levels.

You collected 671 gold pieces.
You spent 154 gold pieces at shops.

Inventory:

Hand Weapons
 k - a +2 hand axe of venom
 u - the +9 mace of Distraction (weapon) {freeze, *Corrode rElec rPois rC++}
   (You found it on level 4 of the Dungeon)

   It freezes those it strikes, dealing additional cold damage.
   It can also slow down cold-blooded creatures.
   rC:        It greatly protects you from cold.
   rElec:     It insulates you from electricity.
   rPois:     It protects you from poison.
   *Corrode:  It may corrode you when you take damage.
Missiles
 o - 6 poisoned darts
Armour
 a - a +0 robe (worn)
 m - a +0 pair of gloves (worn)
 v - a +0 cloak (worn)
Jewellery
 j - a ring of protection from cold
Wands
 w - a wand of flame (14)
Scrolls
 b - 5 scrolls of teleportation
 d - a scroll of immolation {unknown}
 e - a scroll of torment {unknown}
 g - a scroll of vulnerability {unknown}
 h - a scroll of fear {unknown}
 i - a scroll of butterflies {unknown}
 n - 2 scrolls of identify
 p - 2 scrolls of brand weapon {unknown}
 t - a scroll of blinking {unknown}
Potions
 c - 4 potions of flight {unknown}
 f - a potion of mutation {unknown}
 l - 3 potions of degeneration {unknown}
 q - 2 potions of brilliance {unknown}
 r - 2 potions of curing
 s - a potion of invisibility


   Skills:
 + Level 1.0 Fighting
 - Level 2.6 Dodging
 - Level 3.0 Stealth
 * Level 5.2 Spellcasting


You couldn't memorise any spells.
You knew the following spells:

 Your Spells              Type           Power      Damage    Failure   Level
a - Foxfire               Conj/Fire      96%        2x1d8     1%          1
b - Scorch                Fire           48%        2d7       2%          2
c - Kindle Blastsparks    Fire/Tloc/Air  48%        2d14      4%          3
d - Inner Flame           Hex/Fire       24%        N/A       4%          3
e - Flame Wave            Conj/Fire      24%        2d8       14%         4
f - Summon Small Mammal   Summ           96%        N/A       1%          1
g - Static Discharge      Conj/Air       48%        2-4/arc   2%          2
h - Passwall              Tmut/Erth      20%        N/A       2%          2
Your spell library was empty.

Dungeon Overview and Level Annotations

Branches:
Dungeon (5/15)
 Temple: D:4-7

Altars:
Gozag
Qazlal
Uskayaw
The Shining One

Shops:
D:3 !


Innate Abilities, Weirdness & Mutations

You are immune to sickness and miasma.
You are immune to poison.
Your flesh is very heat resistant. (rF++)
You are vulnerable to cold. (rC-)
You float through the air rather than walking.
You learn spells naturally, not from books.
Your magical power is your life essence.
You have superior vitality. (+4 MHP)


Message History

You hit the phantom.
The phantom is severely damaged.
The phantom is no longer more vulnerable to fire.
The hound bites you.
The phantom hits you but does no damage.
The hound closely misses you. The phantom hits you.
* * * LOW HITPOINT WARNING * * *
You hit the phantom.
The phantom is severely damaged.
The hound barely misses you. The hound misses you. The phantom hits you.
* * * LOW HITPOINT WARNING * * *
The phantom blinks!
You blink.
An orc comes into view. It is wielding a +0 trident.
You barely miss the phantom.
The phantom is severely damaged.
The phantom hits you but does no damage.
The phantom barely misses you. The hound barely misses you.
Casting: Scorch (safe; 2% risk of failure)
Confirm with . or Enter, or press ? or * to list all spells.
You miscast Scorch.
You are very lightly contaminated with residual magic.
Nothing appears to happen.
* * * LOW HITPOINT WARNING * * *
The hound bites you.
* * * LOW HITPOINT WARNING * * *
The phantom hits you.
* * * LOW HITPOINT WARNING * * *
An orc comes into view. It is wielding a +0 dagger.
As you read the scroll labelled EKOEFR XERUKK, it crumbles to dust.
It is a scroll of identify.
b - 6 scrolls of teleportation The hound barely misses you.
The hound closely misses you.
An orc wizard comes into view. It is wielding a +0 dagger.
The phantom completely misses you. The orc barely misses you.
As you read the scroll of teleportation, it crumbles to dust.
You feel strangely unstable. The hound bites you.
* * * LOW HITPOINT WARNING * * *
The phantom hits you.
You die...
Your body crumbles into a pile of gold.

...####... ..........
......... #.....###
#...#### #+###+#
.#....... #...?.##
......... #W.....#
#.##.....
#@.....###+##.....
#h.....##........#
#o.....##........#
...#......##........#
....$.....##........#
.....###........#####
##..o###........#
...#..........#
#..........#


You could see a phantom, a hound (combustible) and 2 orcs.

Vanquished Creatures
  An ogre (D:4)
  A necrophage (D:5)
  A scorpion (D:4)
  An orc priest (D:4)
  3 iguanas (D:4)
  An orc wizard (D:4)
  2 adders (D:2)
  A white imp (D:5)
  A worm (D:3)
  2 dart slugs
  4 orcs (D:4)
  11 ball pythons
  7 endoplasms
  4 giant cockroaches
  2 hobgoblins
  4 jackals (D:4)
  3 kobolds
  4 quokkas
  6 bats
  A frilled lizard (D:3)
  5 goblins
  5 rats
70 creatures vanquished.

Vanquished Creatures (others)
  138 foxfires
138 creatures vanquished.

Grand Total: 208 creatures vanquished

Notes
Turn   | Place    | Note
-------+----------+-------------------------------------------
     0 | D:1      | themarg the Djinni Fire Elementalist began the quest for
                  | the Orb.
     0 | D:1      | themarg set off with the following spells memorised:
                  | Foxfire, Scorch, Kindle Blastsparks, Inner Flame, Flame
                  | Wave.
     0 | D:1      | Reached XP level 1. HP: 15/15 MP: 0/0
    11 | D:1      | Found a faded altar of an unknown god.
    23 | D:1      | Prayed at the altar of an unknown god.
    23 | D:1      | Became a worshipper of Gozag Ym Sagoz the Greedy
   231 | D:1      | Reached XP level 2. HP: 14/21 MP: 0/0
  1112 | D:2      | Reached XP level 3. HP: 24/25 MP: 0/0
  1112 | D:2      | Learned a level 1 spell: Summon Small Mammal
  1764 | D:2      | Reached XP level 4. HP: 29/31 MP: 0/0
  1813 | D:2      | Found a glowing golden altar of the Shining One.
  1818 | D:2      | Reached skill level 3 in Spellcasting
  2519 | D:3      | Found a stormy altar of Qazlal.
  2524 | D:3      | Found a hide-covered altar of Uskayaw.
  2588 | D:3      | Found Kidoabibu's Distillery.
  2596 | D:3      | Bought 2 potions of curing for 66 gold pieces
  2596 | D:3      | Bought a potion of invisibility for 88 gold pieces
  2972 | D:4      | Reached XP level 5. HP: 13/35 MP: 0/0
  2972 | D:4      | Learned a level 2 spell: Static Discharge
  3339 | D:4      | Noticed an ogre
  3359 | D:4      | Killed an ogre
  3360 | D:4      | Reached skill level 4 in Spellcasting
  3360 | D:4      | Reached XP level 6. HP: 29/40 MP: 0/0
  3548 | D:4      | Identified the +9 mace of Distraction {freeze, *Corrode
                  | rElec rPois rC++}
  3815 | D:4      | Reached skill level 5 in Spellcasting
  4265 | D:5      | Entered Level 5 of the Dungeon
  4327 | D:5      | Reached skill level 1 in Fighting
  4327 | D:5      | Reached XP level 7. HP: 40/47 MP: 0/0
  4327 | D:5      | Learned a level 2 spell: Passwall
  4348 | D:5      | HP: 1/47 [hound (4)]
  4348 | D:5      | Slain by a phantom

Illustrated notes

Levels and vault maps discovered:
D:1:      dpeg_arrival_pond, layout_loops_ring,
          hellmonk_ecumenical_altar_arch_garden
D:2:      layout_basic, basic_altar, serial_rivers,
          chequers_serial_rivers_marsh, chequers_serial_rivers_micro_e,
          chequers_serial_rivers_micro_b, chequers_serial_rivers_micro_c,
          chequers_serial_rivers_micro_b, chequers_serial_rivers_micro_e
D:3:      layout_loops_cross, jmf_multi_god_temple, serial_shops, shop
D:4:      layout_gridville
D:5:      layout_basic, hangedman_abyss_or_decor_passed

Skill      XL: |  1  2  3  4  5  6 |
---------------+-------------------+-----
Stealth        | 2 3 |  3.0
Spellcasting   | 3 4 5 |  5.2
Fighting       | 1 |  1.0
Dodging        | |  2.6

Action                   |  1- 3 |  4- 6 |  7- 9 || total
-------------------------+-------+-------+-------++-------
Melee: Unarmed           |     1 |       |       ||     1
       Hand axe          |       |     4 |       ||     4
       Mace              |       |       |     5 ||     5
 Cast: Foxfire           |    40 |    48 |     2 ||    90
       Scorch            |     5 |    30 |     4 ||    39
  Use: Scroll            |       |       |     2 ||     2
Armor: Robe              |     2 |     1 |     4 ||     7
Dodge: Dodged            |     4 |     6 |    11 ||    21

Table legend: (Time is in decaauts)
 A = Elapsed time spent in this place.
 B = Non-inter-level travel time spent in this place.
 C = Inter-level travel time spent in this place.
 D = Time resting spent in this place.
 E = Time spent auto-exploring this place.
 F = Levels seen in this place.
 G = Mean time per level.
                   A        B        C        D        E       F      G
               +--------+--------+--------+--------+--------+-----+--------+
         Total |   4349 |   4299 |     50 |    829 |   2911 |   5 |  869.8 |
       Dungeon |   4349 |   4299 |     50 |    829 |   2911 |   5 |  869.8 |
               +--------+--------+--------+--------+--------+-----+--------+

Top non-repeatable levels by time:
     D:4: 1428 daAuts
     D:1: 1099 daAuts
     D:2: 989 daAuts
     D:3: 747 daAuts
     D:5: 84 daAuts
